 Dungeon Crawl Stone Soup version 0.29.0-4-gdea44cf6ec (webtiles) character file.

Game seed: 17946178759729560184

319 qw the Chopper (level 6, -12/35 HPs)
             Began as a Tengu Warper on Aug 28, 2022.
             Mangled by Maggie
             ... wielding a +0 broad axe of pain
              (16 damage)
             ... on level 7 of the Dungeon.
             The game lasted 00:00:25 (5194 turns).

qw the Chopper (Tengu Warper)                       Turns: 5194, Time: 00:00:25

Health: -12/35     AC:  8    Str: 12    XL:     6   Next: 46%
Magic:  9/9        EV:  7    Int: 13    God:
Gold:   320        SH:  0    Dex: 13    Spells: 9/9 levels left

rFire   . . .      SeeInvis .   Y - +1 war axe
rCold   . . .      Faith    .   (no shield)
rNeg    . . .      Spirit   .   f - +0 chain mail
rPois   .          Reflect  .   (helmet restricted)
rElec   .          Harm     .   (no cloak)
rCorr   .          Rampage  .   (no gloves)
Will    .....                   (boots unavailable)
Stlth   ..........              (no amulet)
HPRegen 0.11/turn               (no ring)
MPRegen 0.11/turn               (no ring)

@: about to teleport, flying quickly and evasively, mesmerised, quick
A: beak, talons 3, nimble flight, low MP 1, weak 1, wild magic 1
a: no special abilities


You were on level 7 of the Dungeon.
You visited 1 branch of the dungeon, and saw 7 of its levels.

You collected 320 gold pieces.


Innate Abilities, Weirdness & Mutations

You have a beak for a mouth.
You have claws for feet.
Your magical nature lets you fly swiftly and evasively.
Your magical capacity is low. (-10% MP)
You are weak. (Str -2)
Your spells are a little harder to cast, but a little more powerful.


   Skills:
 - Level 2.0 Fighting
 + Level 6.8 Axes
 - Level 1.0 Throwing
 - Level 2.5 Armour
 - Level 2.1 Dodging
 - Level 2.0 Spellcasting
 - Level 2.4 Translocations


You had 9 spell levels left.
You didn't know any spells.
Your spell library contained the following spells:

 Spells                   Type           Power      Damage    Failure   Level
 Blink                    Tloc           18%        N/A       100%        2
 Gell's Gravitas          Tloc           9%         N/A       100%        3
 Lesser Beckoning         Tloc           9%         N/A       100%        3
 Teleport Other           Tloc           9%         N/A       100%        3
 Manifold Assault         Tloc           9%         N/A       100%        5

Inventory:

Hand Weapons
 a - a +0 mace
 Y - a +1 war axe (weapon)
Armour
 b - a +2 ring mail of fire resistance
 f - a +0 chain mail (worn)
Scrolls
 k - 2 scrolls of teleportation
Potions
 c - 2 potions of haste
 d - a potion of cancellation {unknown}
 e - a potion of invisibility {unknown}
 g - a potion of mutation
 h - 2 potions of curing
 i - a potion of lignification {unknown}
 j - a potion of attraction {unknown}
 l - a potion of ambrosia {unknown}

Dungeon Overview and Level Annotations

Branches:
Dungeon (8/15)
 Temple: D:4-7         Lair: D:8-11

Altars:
Dithmenos
Gozag
Ru
Vehumet
Zin

Annotations:
D:7 Maggie


Message History

Maggie is moderately wounded.
Maggie gestures wildly while chanting.
Maggie draws you further into her thrall.
You barely miss Maggie.
Maggie is moderately wounded.
Maggie hits you with a +0 broad axe of pain!
You writhe in agony.
You hit Maggie but do no damage. Your kick misses Maggie.
Maggie is moderately wounded.
Maggie hits you with a +0 broad axe of pain.
You writhe in agony.
You barely miss Maggie.
Maggie is moderately wounded.
Maggie hits you with a +0 broad axe of pain.
Maggie says, "Leave now, and tell all of Margery's mercy!"
Maggie hits you but does no damage.
You writhe in agony.
You barely miss Maggie. You claw Maggie.
Maggie is moderately wounded.
Maggie hits you with a +0 broad axe of pain.
You slash Maggie! You claw Maggie, but do no damage.
Maggie is heavily wounded.
Maggie hits you with a +0 broad axe of pain.
You barely miss Maggie. You claw Maggie. Your peck misses Maggie.
Maggie is heavily wounded.
Maggie hits you but does no damage.
You hit Maggie.
Maggie is heavily wounded.
Maggie hits you with a +0 broad axe of pain.
5192 ||| READING 3 scrolls of teleportation.
As you read the scroll of teleportation, it crumbles to dust.
You feel strangely unstable.
Maggie hits you with a +0 broad axe of pain.
You writhe in agony.
You hit Maggie. Your kick misses Maggie. You peck Maggie, but do no damage.
Maggie is heavily wounded.
Maggie hits you but does no damage. Maggie closely misses you.
You closely miss Maggie. Your kick misses Maggie. Your peck misses Maggie.
Maggie is heavily wounded.
Maggie hits you with a +0 broad axe of pain!
You die...

#........# .
#>##.#.#.#
....###)#.##.^.####
#................
#####.#......#
#.##.....#
#.###..#.#
#........#
######@### #@# ...
..... .......
.........
+.........+
#.$....!..#


You could see Maggie (mesmerising).

Vanquished Creatures
  A black bear (D:3)
  A kobold brigand (D:7)
  Jessica (D:3)
  An iguana (D:4)
  4 adders
  A worm (D:2)
  3 dart slugs
  3 orcs
  5 endoplasms
  2 giant cockroaches
  7 goblins
  8 hobgoblins
  2 jackals (D:2)
  3 quokkas
  7 ball pythons
  4 frilled lizards
  5 kobolds
  4 rats
62 creatures vanquished.

Notes
Turn   | Place    | Note
-------+----------+-------------------------------------------
     0 | D:1      | qw the Tengu Warper began the quest for the Orb.
     0 | D:1      | Reached XP level 1. HP: 12/12 MP: 4/4
     0 | D:1      | 0 ||| qw: Version: 0.1-a-89-g26bdef1
     0 | D:1      | 0 ||| qw: Game counter: 910
     0 | D:1      | 0 ||| qw: Always use a shield: true
     0 | D:1      | 0 ||| qw: God list: Okawaru
     0 | D:1      | 0 ||| qw: Allow faded altars: false
     0 | D:1      | 0 ||| qw: Do Orc after D:15 true
     0 | D:1      | 0 ||| qw: Do second Lair branch before Depths: true
     0 | D:1      | 0 ||| qw: Lair rune preference: random
     0 | D:1      | 0 ||| qw: Plans: Normal
     0 | D:1      | 0 ||| PLANNING D:1-11
   134 | D:1      | 134 ||| READING scroll labelled QENOOX LIDEUGY.
   361 | D:1      | Reached skill level 3 in Axes
   361 | D:1      | Reached XP level 2. HP: 14/17 MP: 6/6
   581 | D:1      | 581 ||| DROPPING scroll of blinking.
   867 | D:1      | 867 ||| Stepping ~*~*~tactically~*~*~ (hiding).
   970 | D:1      | 970 ||| Stepping ~*~*~tactically~*~*~ (hiding).
   971 | D:1      | 971 ||| Stepping ~*~*~tactically~*~*~ (hiding).
  1127 | D:1      | Noticed a golden eye
  1130 | D:1      | Found a faded altar of an unknown god.
  1132 | D:1      | Noticed a shining eye
  1132 | D:1      | Noticed an eye of devastation
  1132 | D:1      | Noticed a golden eye
  1331 | D:1      | 1331 ||| UPGRADING to +0 ring mail.
  1341 | D:1      | 1341 ||| DROPPING +0 leather armour.
  1342 | D:1      | 1342 ||| READING scroll labelled RULETUCKAT.
  1443 | D:1      | 1443 ||| DRINKING 2 brown potions.
  1501 | D:2      | Reached XP level 3. HP: 21/21 MP: 7/7
  1503 | D:2      | Reached skill level 4 in Axes
  1903 | D:2      | 1903 ||| Stepping ~*~*~tactically~*~*~ (stealth).
  1904 | D:2      | 1904 ||| STAIRDANCE
  1933 | D:1      | 1933 ||| UPGRADING to +2 ring mail of fire resistance.
  1943 | D:1      | 1943 ||| DROPPING +0 ring mail.
  1944 | D:1      | 1944 ||| READING 2 scrolls labelled QUICWI KATE.
  1947 | D:1      | 1947 ||| READING scroll labelled COTUNONWYURO.
  2103 | D:2      | 2103 ||| Stepping ~*~*~tactically~*~*~ (stealth).
  2104 | D:2      | 2104 ||| SWAPPING to +0 war axe.
  2105 | D:2      | 2105 ||| DROPPING +1 hand axe.
  2116 | D:2      | 2116 ||| Stepping ~*~*~tactically~*~*~ (stealth).
  2127 | D:2      | Reached XP level 4. HP: 25/26 MP: 8/8
  2152 | D:2      | 2152 ||| FLEEEEING.
  2153 | D:2      | 2153 ||| FLEEEEING.
  2154 | D:2      | 2154 ||| FLEEEEING.
  2155 | D:2      | 2155 ||| FLEEEEING.
  2165 | D:2      | 2165 ||| STAIRDANCE
  2193 | D:1      | 2193 ||| READING scroll labelled UKHOUKU LESYKK.
  2196 | D:2      | 2196 ||| Stepping ~*~*~tactically~*~*~ (stealth).
  2243 | D:2      | 2243 ||| FLEEEEING.
  2244 | D:2      | 2244 ||| FLEEEEING.
  2245 | D:2      | 2245 ||| FLEEEEING.
  2246 | D:2      | 2246 ||| FLEEEEING.
  2247 | D:2      | 2247 ||| FLEEEEING.
  2248 | D:2      | 2248 ||| FLEEEEING.
  2258 | D:2      | 2258 ||| STAIRDANCE
  2550 | D:3      | Noticed Jessica
  2551 | D:3      | 2551 ||| Stepping ~*~*~tactically~*~*~ (hiding).
  2553 | D:3      | 2553 ||| Stepping ~*~*~tactically~*~*~ (hiding).
  2559 | D:3      | 2559 ||| Stepping ~*~*~tactically~*~*~ (hiding).
  2565 | D:3      | Killed Jessica
  2566 | D:3      | Reached skill level 5 in Axes
  2728 | D:3      | 2728 ||| Stepping ~*~*~tactically~*~*~ (hiding).
  2840 | D:3      | Found a shadowy altar of Dithmenos.
  2845 | D:3      | 2845 ||| Stepping ~*~*~tactically~*~*~ (stealth).
  2851 | D:3      | 2851 ||| Stepping ~*~*~tactically~*~*~ (stealth).
  2884 | D:3      | 2884 ||| READING scroll of enchant weapon.
  2884 | D:3      | 2884 ||| ENCHANTING +0 war axe.
  3225 | D:3      | Found an opulent altar of Gozag.
  3381 | D:3      | Noticed a black bear
  3390 | D:3      | Killed a black bear
  3391 | D:3      | Reached skill level 6 in Axes
  3391 | D:3      | Gained mutation: Your magical nature lets you fly swiftly
                  | and evasively. [Tengu growth]
  3391 | D:3      | Reached XP level 5. HP: 19/30 MP: 9/9
  3505 | D:3      | Found a glowing silver altar of Zin.
  3708 | D:3      | 3708 ||| DROPPING ring of wizardry.
  3709 | D:3      | 3709 ||| READING scroll labelled HUIQIG BAVIF.
  3710 | D:3      | 3710 ||| READING scroll labelled KIPSIU WIAGH.
  3711 | D:3      | 3711 ||| DRINKING 2 lumpy ruby potions.
  4040 | D:4      | Found a radiant altar of Vehumet.
  4062 | D:4      | 4062 ||| Stepping ~*~*~tactically~*~*~ (stealth).
  4067 | D:4      | 4067 ||| Stepping ~*~*~tactically~*~*~ (stealth).
  4071 | D:4      | Reached XP level 6. HP: 35/35 MP: 10/10
  4412 | D:4      | Noticed a yak
  4412 | D:4      | Noticed a sky beast
  4617 | D:4      | Found a sacrificial altar of Ru.
  4652 | D:4      | 4652 ||| READING scroll labelled UPUARHAIDEG.
  4748 | D:4      | 4748 ||| READING 5 scrolls of teleportation.
  4749 | D:4      | 4749 ||| STAIRDANCE
  4873 | D:4      | 4873 ||| READING 4 scrolls of teleportation.
  4874 | D:4      | 4874 ||| STAIRDANCE
  4952 | D:5      | Entered Level 5 of the Dungeon
  4987 | D:5      | You are sucked into a shaft and drop 3 floors!
  4988 | D:8      | 4988 ||| UPGRADING to +0 chain mail.
  4998 | D:8      | 4998 ||| DRINKING 2 pink potions.
  4998 | D:8      | Gained mutation: You are weak. (Str -2) [potion of
                  | mutation]
  4998 | D:8      | Gained mutation: Your magical capacity is low. (-10% MP)
                  | [potion of mutation]
  4998 | D:8      | Gained mutation: Your spells are a little harder to cast,
                  | but a little more powerful. [potion of mutation]
  5177 | D:7      | Noticed Maggie
  5178 | D:7      | 5178 ||| Stepping ~*~*~tactically~*~*~ (hiding).
  5191 | D:7      | HP: 8/35 [Maggie/+0 broad axe of pain (4)]
  5192 | D:7      | 5192 ||| READING 3 scrolls of teleportation.
  5192 | D:7      | HP: 3/35 [Maggie/+0 broad axe of pain (3)]
  5194 | D:7      | Mangled by Maggie

Levels and vault maps discovered:
D:1:      sevenhm_arrival_forest_fort_small_5, layout_rooms,
          serial_co_window_serial, co_window_paths_a, co_window_corner_a,
          co_window_of_opportunity_a, co_window_paths_b, co_window_paths_a,
          co_window_corner_a, co_window_of_opportunity_a, co_window_cross_1,
          co_window_corner_a, co_window_broadway_c, co_window_paths_c,
          co_window_paths_c, glass_columns_a, glass_columns_a, glass_columns_a,
          glass_columns_a, hellmonk_ecumenical_altar_watching_god
D:2:      layout_loops_ring, chequers_decorated_corner, minmay_goblin_outpost
D:3:      layout_basic, pdpol_temple_overflow_zin_treasury_gozag_greed,
          nicolae_dithmenos_shadow_blocks, uniq_jessica
D:4:      layout_loops_corners, nicolae_overflow_crystal_walls,
          nicolae_overflow_hidden_temple, minmay_liquid_box, st_stairs_6,
          lightli_corner_chamber
D:5:      layout_basic, mainiacjoe_overflow_cross_hatched,
          chequers_serial_rivers_large_b, uniq_blork_the_orc, uniq_menkaure,
          uniq_edmund
D:7:      layout_loops_corners, minmay_temple_entry_poolview,
          gammafunk_ghost_stat_death, uniq_joseph, uniq_crazy_yiuf_cottage,
          uniq_maggie
D:8:      layout_cave_pools, tgw_kikubaaqudgha, serial_gnoll_camp,
          gnoll_camp_mini_house, gnoll_camp_huts_moat, gnoll_camp_mini_house,
          grums_kennel, gnoll_camp_mini_house

Skill      XL: |  1  2  3  4  5  6 |
---------------+-------------------+-----
Axes           | 3 4 6 |  6.8
Armour         | 2 |  2.5
Fighting       | |  2.0
Throwing       | |  1.0
Dodging        | |  2.1
Spellcasting   | |  2.0
Translocations | |  2.4

Action                   |  1- 3 |  4- 6 || total
-------------------------+-------+-------++-------
Melee: Hand axe          |    48 |       ||    48
       Kick              |    13 |    20 ||    33
       Peck              |     6 |     6 ||    12
       War axe           |    10 |    98 ||   108
       Punch             |     1 |       ||     1
Throw: Boomerang         |     7 |       ||     7
  Use: Scroll            |     4 |     8 ||    12
       Potion            |     1 |     2 ||     3
Armor: Leather armour    |     4 |       ||     4
       Ring mail         |    10 |    30 ||    40
       Chain mail        |       |     7 ||     7
Dodge: Dodged            |    29 |    52 ||    81

Table legend:
 A = Non-vault XP
 B = Vault XP
 C = Vault XP percentage of total XP
 D = Non-vault monster count
 E = Vault monster count
 F = Vault count percentage of total count
                 A         B        C        D         E       F
            +---------+---------+-------+---------+---------+-------
      Total |     409 |      48 |  10.5 |      56 |       6 |   9.7
            +---------+---------+-------+---------+---------+-------
        D:1 |      30 |       2 |   6.2 |      16 |       1 |   5.9
        D:2 |      52 |       6 |  10.3 |      14 |       3 |  17.6
        D:3 |     157 |      37 |  19.1 |      11 |       1 |   8.3
        D:4 |      63 |       3 |   4.5 |       9 |       1 |  10.0
        D:5 |       3 |       0 |   0.0 |       1 |       0 |   0.0
        D:7 |     104 |       0 |   0.0 |       5 |       0 |   0.0
            +---------+---------+-------+---------+---------+-------
